 Dungeon Crawl Stone Soup version 0.22-a0-810-g93d1441 (webtiles) character file.

32 zishaf the Insei (level 3, -1/18 HPs)
             Began as a Vine Stalker Transmuter on July 23, 2018.
             Slain by an adder (3 damage)
             ... on level 2 of the Dungeon.
             The game lasted 00:03:15 (1283 turns).

zishaf the Insei (Vine Stalker Transmuter)          Turns: 1283, Time: 00:03:16

Health: -1/18      AC:  3    Str: 13    XL:     3   Next: 27%
Magic:  0/7        EV: 12    Int: 13    God:
Gold:   34         SH:  0    Dex: 14    Spells: 4/7 levels left

rFire    . . .     SeeInvis .     - Unarmed
rCold    . . .     Gourm    .   (no shield)
rNeg     . . .     Faith    .   b - +0 robe
rPois    .         Spirit   +   (no helmet)
rElec    .         Reflect  .   (no cloak)
rCorr    .         Harm     .   (no gloves)
MR       .....                  o - +0 pair of boots
Stlth    +.........             (no amulet)
HPRegen  0.06/turn              (no ring)
MPRegen  0.10/turn              (no ring)

@: no status effects
A: fangs 2, magic shield, antimagic bite, no potion heal 3, rot immunity
a: no special abilities


You were on level 2 of the Dungeon.
You were not hungry.

You visited 1 branch of the dungeon, and saw 2 of its levels.

You collected 34 gold pieces.

Inventory:

Missiles
 a - 10 arrows
 j - 7 tomahawks (quivered)
Armour
 b - a +0 robe (worn)
 o - a +0 pair of boots (worn)
Jewellery
 m - an uncursed amulet of the acrobat {unknown}
Scrolls
 c - a scroll of fear {unknown}
 e - a scroll of teleportation {unknown}
 h - a scroll of remove curse {unknown}
 k - a scroll of enchant weapon {unknown}
 l - a scroll of identify {unknown}
Potions
 g - 2 potions of curing {unknown}
 i - a potion of heal wounds {unknown}
 n - a potion of magic {unknown}
Comestibles
 d - 3 rations
 f - 2 chunks of flesh


   Skills:
 + Level 1.4 Fighting
 + Level 1.9 Dodging
 - Level 3.0 Unarmed Combat
 + Level 2.5 Spellcasting
 * Level 2.7 Transmutations


You had 4 spell levels left.
You knew the following spells:

 Your Spells              Type           Power        Failure   Level  Hunger
a - Beastly Appendage     Tmut           #.....       8%          1    #......
b - Sticks to Snakes      Tmut           #.......     12%         2    ###....

Your spell library contained the following spells:

 Spells                   Type           Power        Failure   Level  Hunger
 Spider Form              Tmut/Pois      #.........   38%         3    ###....
 Blade Hands              Tmut           #.........   91%         5    ######.
 Ice Form                 Ice/Tmut       #.......     80%         4    #####..


Dungeon Overview and Level Annotations

Branches:
Dungeon (2/15)

Altars:


Innate Abilities, Weirdness & Mutations

You have extremely sharp teeth.
When hurt, damage is shared between your health and your magic reserves.
Your bite disrupts and absorbs the magic of your enemies.
Potions cannot restore your health.
You are immune to rotting.


Message History

Your ball python bites the jackal.
Your ball python constricts the jackal.
The jackal struggles to escape constriction.
The jackal bites your ball python. The adder bites your ball python.
Your ball python is poisoned.
The adder poisons your ball python!
Your ball python bites the adder.
Your ball python constricts the jackal.
The jackal struggles to escape constriction.
The jackal bites your ball python.
Your ball python dies!
The jackal closely misses you. The jackal barely misses you.
The jackal bites you. The jackal bites you.
* * * LOW HITPOINT WARNING * * *
You see here a club.
The jackal bites you but does no damage.
The jackal bites you.
* * * LOW HITPOINT WARNING * * *
The adder bites you.
You die...

.# #)##...# .##
##.##...# ..
#.....#... .#
#..#####.## .#####
#..#####... .....#
#h.......###
##.#.# #h########
##.#.####### #S#
##.........# #@#
####..#.##.#####.#
####..#.#........#
....>.#....#######
#####.####.#
#.####.# #......#
########


You could see an adder and 2 jackals.

Vanquished Creatures
  A dart slug (D:1)
  2 leopard geckos
  A giant cockroach (D:1)
  3 goblins
  4 hobgoblins
  4 jackals (D:1)
  3 kobolds
  A ball python (D:2)
  3 bats (D:1)
  A frilled lizard (D:2)
  2 rats (D:1)
25 creatures vanquished.

Notes
Turn   | Place    | Note
-------+----------+-------------------------------------------
     0 | D:1      | zishaf the Vine Stalker Transmuter began the quest for the Orb.
     0 | D:1      | Reached XP level 1. HP: 9/9 MP: 4/4
   133 | D:1      | Reached skill level 1 in Fighting
   260 | D:1      | Reached XP level 2. HP: 8/14 MP: 3/6
  1088 | D:2      | Reached XP level 3. HP: 18/18 MP: 7/7
  1196 | D:2      | Learned a level 2 spell: Sticks to Snakes
  1283 | D:2      | Slain by an adder

Vault maps used:
D:1:      dpeg_arrival_rooms_with_view, minmay_tree_intersection
D:2:      old_standard_altar

Skill      XL: |  1 |
---------------+----+-----
Fighting       | 1 |  1.4
Dodging        | |  1.9
Unarmed Combat | |  3.0
Spellcasting   | |  2.5
Transmutations | |  2.7

Action                   || total
-------------------------++-------
Melee: Unarmed           ||    75
       Bite              ||    19
       Punch             ||     2
       Headbutt          ||     1
Throw: Tomahawk          ||    16
 Cast: Sticks to Snakes  ||     2
       Beastly Appendage ||     1
 Stab: Sleeping          ||     3
  Eat: Chunk             ||     1
Armor: Robe              ||    12
Dodge: Dodged            ||    44

Table legend:
 A = Spawn XP
 B = Non-spawn XP
 C = Spawn XP percentage of total XP
 D = Spawn monster count
 E = Non-spawn monster count
 F = Spawn count percentage of total count
 G = Total turns spent on level
                    A         B        C        D         E        F      G
               +---------+---------+-------+---------+---------+-------+---------
         Total |       0 |      47 |   0.0 |       0 |      25 |   0.0 |  1283
               +---------+---------+-------+---------+---------+-------+---------
           D:1 |       0 |      33 |   0.0 |       0 |      17 |   0.0 |  1068
           D:2 |       0 |      14 |   0.0 |       0 |       8 |   0.0 |   215
               +---------+---------+-------+---------+---------+-------+---------
